 Dungeon Crawl Stone Soup version 0.29-a0-817-g9904bce7a6 (webtiles) character file.

Game seed: 11540578169918123508

927 urtho the Conjurer (level 7, -12/36 HPs)
             Began as a Deep Elf Conjurer on July 5, 2022.
             Was a Priest of Makhleb.
             Killed from afar by a smoke demon (18 damage)
             ... with a ball of steam
             ... summoned by the player character
             ... on level 5 of the Dungeon.
             The game lasted 01:32:15 (4856 turns).

urtho the Conjurer (Deep Elf Conjurer)              Turns: 4856, Time: 01:32:16

Health: -12/36     AC:  5    Str:  4    XL:     7   Next: 85%
Magic:  4/19       EV: 17    Int: 25    God:    Makhleb [***...]
Gold:   164        SH:  0    Dex: 13    Spells: 10/20 levels left

rFire   . . .      SeeInvis .   T - +0 flail (drain)
rCold   . . .      Faith    .   (no shield)
rNeg    + . .      Spirit   .   z - +2 robe {Will+}
rPois   .          Reflect  .   (no helmet)
rElec   .          Harm     .   R - +0 cloak
rCorr   .          Rampage  .   (no gloves)
Will    +....                   (no boots)
Stlth   +.........              (no amulet)
HPRegen 0.12/turn               n - ring of positive energy
MPRegen 0.16/turn               J - +4 ring of evasion

@: on fire, glowing
A: no striking features
a: Renounce Religion, Minor Destruction, Lesser Servant of Makhleb


You were on level 5 of the Dungeon.
You worshipped Makhleb.
Makhleb was most pleased with you.
You visited 1 branch of the dungeon, and saw 5 of its levels.

You collected 164 gold pieces.

Inventory:

Hand Weapons
 d - a +0 war axe
 f - a +0 sling {Greater Sling}
 I - a +0 trident
 P - a +0 falchion
 T - a +0 flail of draining (weapon)
Missiles
 a - a throwing net
 e - 6 datura-tipped darts
 k - 40 stones
 A - 8 poisoned darts
Armour
 v - a +0 robe
 z - a +2 robe of willpower (worn)
 R - a +0 cloak (worn)
Magical Staves
 q - a staff of poison
Jewellery
 n - a ring of positive energy (left hand)
 J - a +4 ring of evasion (right hand)
Wands
 x - a wand of light (8)
 G - a wand of flame (8)
Scrolls
 c - a scroll of vulnerability {unknown}
 g - a scroll of enchant weapon {unknown}
 m - a scroll of teleportation {unknown}
 r - 3 scrolls of noise {unknown}
 E - 3 scrolls of blinking {unknown}
 F - 4 scrolls of identify
Potions
 b - a potion of magic
 N - a potion of degeneration {unknown}


   Skills:
 + Level 0.2 Fighting
 + Level 0.1(0.2) Maces & Flails
 + Level 0.4(0.5) Staves
 + Level 4.0 Dodging
 + Level 3.9 Stealth
 + Level 7.2 Spellcasting
 + Level 7.7 Conjurations
 + Level 0.2 Translocations
 + Level 1.5 Invocations
 + Level 1.2 Evocations


You had 10 spell levels left.
You knew the following spells:

 Your Spells              Type           Power      Damage    Failure   Level
a - Magic Dart            Conj           100%       1d8       1%          1
b - Searing Ray           Conj           94%        2d7       1%          2
c - Iskenderun's Mystic   Conj/Tloc      29%        2d7       12%         4
d - Teleport Other        Tloc           10%        N/A       19%         3

Your spell library contained the following spells:

 Spells                   Type           Power      Damage    Failure   Level
 Dazzling Flash           Conj/Hex       56%        N/A       4%          3
 Fulminant Prism          Conj/Hex       14%        3d9       13%         4
 Gell's Gravitas          Tloc           10%        N/A       19%         3
 Lesser Beckoning         Tloc           10%        N/A       19%         3
 Starburst                Conj/Fire      14%        6d6       90%         6


Dungeon Overview and Level Annotations

Branches:
Dungeon (5/15)
 Temple: D:4-7

Altars:
Elyvilon
Makhleb
The Shining One


Message History

The searing ray misses the gnoll. (Press . to maintain the ray.)
The gnoll hits you from afar with a +0 spear!
The smoke demon hits you. The smoke demon misses you.
The smoke demon barely misses you.
The smoke demon attacks as you move away!
The smoke demon hits you but does no damage.
The smoke demon closely misses you.
The smoke demon hits you but does no damage.
Aiming: Searing Ray (safe; 1% risk of failure)
Press: ? - help, Q - select action, (/) - cycle Shift-Dir - straight line, f/p - gnoll
Aim: a gnoll, wielding a +0 spear (84% to hit)
The searing ray hits the gnoll.
The gnoll is moderately wounded. (Press . to maintain the ray.)
The gnoll barely misses you. The gnoll misses you.
The smoke demon barely misses you.
The smoke demon hits you but does no damage. x2
The searing ray hits the gnoll!
You kill the gnoll!
Makhleb accepts your kill. The gnoll closely misses you.
The smoke demon gestures at you. The sticky flame hits you!
You are covered in liquid flames!
Restarting spell: Searing Ray (safe; 1% risk of failure)
Press: ? - help, Q - select action, (/) - cycle Shift-Dir - straight line, f - gnoll
Aim: a gnoll, wielding a +0 flail (heavily wounded, 84% to hit)
The searing ray hits the gnoll!
You kill the gnoll!
Makhleb accepts your kill.
You can now summon a lesser servant of Makhleb.
You feel better. (Press . to maintain the ray.)
You are covered in liquid flames!
* * * LOW HITPOINT WARNING * * *
The smoke demon gestures at you. The ball of steam hits you!!
Ouch! That really hurt!
You die...

##....# ##...#...##....
#.....####...###..##...#
###......##.............#
#.......................#
###..............#.......
##.............#.......
#..............#.......
##.............#.......
###..@)...............
###.3..............#
##)................
#................##
##.....##........##
#................#
#.........###...##
#.)....#..####...##
......>.#..###......


You could see a smoke demon (summoned).

Vanquished Creatures
  Duvessa (D:4)
  An ogre (D:5)
  A necrophage (D:3)
  5 scorpions
  Dowan (D:4)
  2 hounds (D:4)
  A jelly (D:5)
  2 iguanas (D:5)
  An orc wizard (D:5)
  4 gnolls (D:5)
  7 adders
  A white imp (D:5)
  2 dart slugs
  3 worms
  7 orcs
  3 bats (D:2)
  3 endoplasms
  5 goblins
  7 hobgoblins
  6 kobolds
  4 quokkas
  4 ball pythons
  2 frilled lizards
  5 rats
78 creatures vanquished.

Notes
Turn   | Place    | Note
-------+----------+-------------------------------------------
     0 | D:1      | urtho the Deep Elf Conjurer began the quest for the Orb.
     0 | D:1      | Reached XP level 1. HP: 10/10 MP: 6/6
    15 | D:1      | Found a faded altar of an unknown god.
    22 | D:1      | Prayed at the altar of an unknown god.
    22 | D:1      | Became a worshipper of Makhleb the Destroyer
    22 | D:1      | Reached * piety under Makhleb
   406 | D:1      | Reached XP level 2. HP: 15/15 MP: 6/8
   981 | D:2      | Learned a level 2 spell: Searing Ray
   988 | D:2      | Reached skill level 5 in Conjurations
  1309 | D:2      | Reached XP level 3. HP: 19/19 MP: 5/9
  2397 | D:3      | Found a white marble altar of Elyvilon.
  2722 | D:3      | Reached ** piety under Makhleb
  2740 | D:3      | Reached XP level 4. HP: 24/24 MP: 7/11
  2743 | D:3      | Noticed a necrophage
  2748 | D:3      | Killed a necrophage
  2786 | D:3      | Reached XP level 5. HP: 28/28 MP: 8/13
  3125 | D:4      | Learned a level 4 spell: Iskenderun's Mystic Blast
  3129 | D:4      | Learned a level 3 spell: Teleport Other
  3139 | D:4      | Noticed Dowan
  3141 | D:4      | Noticed Duvessa
  3159 | D:4      | Killed Duvessa
  3166 | D:4      | Reached XP level 6. HP: 20/32 MP: 3/15
  3167 | D:4      | Killed Dowan
  3168 | D:4      | Reached skill level 5 in Spellcasting
  3639 | D:4      | Found a glowing golden altar of the Shining One.
  3689 | D:4      | Reached skill level 1 in Invocations
  3816 | D:4      | Found a burning altar of Makhleb.
  3878 | D:4      | Reached XP level 7. HP: 35/36 MP: 6/18
  4223 | D:5      | Entered Level 5 of the Dungeon
  4487 | D:5      | Reached *** piety under Makhleb
  4523 | D:5      | Reached skill level 1 in Evocations
  4847 | D:5      | Noticed a smoke demon
  4856 | D:5      | Killed from afar by a smoke demon

Illustrated notes

Levels and vault maps discovered:
D:1:      doesnt_arrival_eight_statues, layout_basic,
          ebering_ecumenical_altar_hall, nicolae_figureground_pulse
D:2:      layout_basic, serial_co_window_serial, co_window_paths_a,
          co_window_cross_1, co_window_paths_a, co_window_of_opportunity_a,
          co_window_of_opportunity_a, co_window_of_opportunity_b,
          co_window_broadway_a, co_window_cross_2, co_window_corner_cb,
          glass_columns_b, glass_columns_b, glass_columns_b, glass_columns_b
D:3:      layout_basic, overflow_temple_1_default
D:4:      layout_loops_ring, mainiacjoe_overflow_swirl, uniq_duvessa
D:5:      layout_cave_pools, grunt_qazlal_clouds, uniq_pikel

Skill      XL: |  1  2  3  4  5  6  7 |
---------------+----------------------+-----
Conjurations   | 5 6 7 |  7.7
Stealth        | 3 |  3.9
Spellcasting   | 4 6 7 |  7.2
Dodging        | 3 4 |  4.0
Invocations    | 1 |  1.5
Evocations     | 1 |  1.2
Fighting       | |  0.2
Maces & Flails | |  0.1
Staves         | |  0.4
Translocations | |  0.2

Action                   |  1- 3 |  4- 6 |  7- 9 || total
-------------------------+-------+-------+-------++-------
Melee: War axe           |     3 |       |       ||     3
       Staff             |     3 |       |       ||     3
       Flail             |       |       |     3 ||     3
       Trident           |       |       |     3 ||     3
       Sling             |       |       |     1 ||     1
 Cast: Magic Dart        |    57 |    26 |     4 ||    87
       Searing Ray       |     3 |    14 |    20 ||    37
       Iskenderun's Myst |       |       |     2 ||     2
Invok: Minor Destruction |       |     4 |       ||     4
       Lesser Servant of |       |       |     1 ||     1
Evoke: Wand              |       |     2 |     6 ||     8
  Use: Scroll            |     1 |       |       ||     1
       Potion            |     1 |     4 |     2 ||     7
Armor: Robe              |     1 |     3 |    10 ||    14
       Skin              |       |    22 |       ||    22
Dodge: Dodged            |     3 |    15 |    44 ||    62

Table legend: (Time is in decaauts)
 A = Elapsed time spent in this place.
 B = Non-inter-level travel time spent in this place.
 C = Inter-level travel time spent in this place.
 D = Time resting spent in this place.
 E = Time spent auto-exploring this place.
 F = Levels seen in this place.
 G = Mean time per level.
                   A        B        C        D        E       F      G
               +--------+--------+--------+--------+--------+-----+--------+
         Total |   4858 |   2893 |   1965 |   1086 |      0 |   5 |  971.6 |
       Dungeon |   4858 |   2893 |   1965 |   1086 |      0 |   5 |  971.6 |
               +--------+--------+--------+--------+--------+-----+--------+

Top non-repeatable levels by time:
     D:2: 1422 daAuts
     D:4: 1137 daAuts
     D:1: 976 daAuts
     D:3: 687 daAuts
     D:5: 634 daAuts
